 Dungeon Crawl Stone Soup version 0.31-a0-801-gc67433417a (webtiles) character file.

Game seed: 7506901114235345788

7 GordonOverkill the Sneak (level 1, -1/13 HPs)
             Began as a Deep Elf Delver on Sept 20, 2023.
             Slain by an ice beast (10 damage)
             ... on level 5 of the Dungeon.
             The game lasted 00:00:49 (137 turns).

GordonOverkill the Sneak (Deep Elf Delver)           Turns: 137, Time: 00:00:49

Health: -1/13      AC:  3    Str:  9    XL:     1   Next: 91%
Magic:  3/3        EV: 12    Int: 14    God:
Gold:   0          SH:  0    Dex: 16    Spells: 0/0 levels left

rFire   . . .        a - +0 short sword
rCold   . . .        (no shield)
rNeg    . . .        b - +0 leather armour
rPois   .            (no helmet)
rElec   .            (no cloak)
rCorr   .            (no gloves)
SInv    .            (no boots)
Will    .....        (no amulet)
Stlth   +++          (no ring)
HPRegen 0.22/turn    (no ring)
MPRegen 0.08/turn

%: no passive effects
@: no status effects
A: no striking features
a: no special abilities


You were on level 5 of the Dungeon.
You visited 1 branch of the dungeon, and saw 2 of its levels.

Inventory:

Hand Weapons
 a - a +0 short sword (weapon)
Armour
 b - a +0 leather armour (worn)
Wands
 g - a wand of digging (3)
 h - a wand of light (3)
Scrolls
 c - a scroll of fog
 d - a scroll of revelation
 e - a scroll of fear
 j - a scroll of identify {unknown}
Potions
 f - a potion of haste
 i - 2 potions of heal wounds {unknown}


   Skills:
 - Level 2.4 Fighting
 - Level 2.0 Short Blades
 - Level 2.4 Dodging
 - Level 6.0 Stealth
 + Level 1.8 Evocations


You couldn't memorise any spells.
You didn't know any spells.
Your spell library was empty.

Dungeon Overview and Level Annotations

Branches:
Dungeon (6/15)
 Temple: D:4-7

Altars:

Shops:
D:5 :


Message History

Aiming: Bolt of Light
Press: ? - help, Shift-Dir - straight line
Okay, then.
Aiming: Bolt of Light
Press: ? - help, Shift-Dir - straight line, f - white imp
Aim: a white imp (71% to hit)
The bolt of light hits the ice beast!
The ice beast is severely wounded.
The ice beast is blinded.
The bolt of light hits the white imp!
The white imp is almost dead.
The white imp is blinded.
The white imp gestures at you.
The puff of frost hits the ice beast.
The ice beast completely resists.
The ice beast barely misses you.
You hit the ice beast but do no damage.
The ice beast is severely wounded.
The ice beast barely misses you.
You catch the helpless ice beast completely off-guard!
You hit the ice beast.
The ice beast is almost dead.
The ice beast closely misses you.
You hit the ice beast but do no damage.
The ice beast is almost dead.
The ice beast hits you but does no damage.
You hit the ice beast.
The ice beast is almost dead.
You closely miss the white imp.
The white imp is almost dead.
The white imp closely misses you.
You catch the helpless white imp completely off-guard!
You puncture the white imp!
You kill the white imp!
Your Evocations skill increases to level 1!
Unknown command.
The ice beast closely misses you.
You hit the ice beast but do no damage.
The ice beast is almost dead.
The ice beast hits you. The ice beast freezes you!
Ouch! That really hurt!
You die...

+####. ....#.# .
....... . ....... .
.......### . ...⌠.⌠...
. ........##### .
....∩.Y@....# .
.......#.##.#
...⌠.⌠....#.#
.#.....#..#.#
#########.#######..#.#
..........# #..#.#
..........# #..#.#
..........# #..#.#
...>.....## #..#.####


You could see an ice beast (blind).

Vanquished Creatures
  A white imp (D:5)
1 creature vanquished.

Notes
Turn   | Place    | Note
-------+----------+-------------------------------------------
     0 | D:5      | GordonOverkill the Deep Elf Delver began the quest for the
                  | Orb.
     0 | D:5      | Reached XP level 1. HP: 13/13 MP: 3/3
    60 | D:5      | Noticed a howler monkey
    62 | D:5      | Noticed a jelly
   125 | D:5      | Found Gatearchi's Vocational Training.
   125 | D:5      | Noticed an ice beast
   136 | D:5      | Reached skill level 1 in Evocations
   137 | D:5      | Slain by an ice beast

Illustrated notes

Levels and vault maps discovered:
D:5:      layout_basic, nicolae_shop_vocational
D:6:      layout_gridville, hangedman_minor_gate_pass, uniq_sigmund

Skill      XL: |  1 |
---------------+----+-----
Evocations     | 1 |  1.8
Fighting       | |  2.4
Short Blades   | |  2.0
Dodging        | |  2.4
Stealth        | |  6.0

Action                     || total
---------------------------++-------
  Melee: Short sword       ||     7
  Evoke: Wand              ||     1
   Stab: Invisible         ||     2
 Armour: Leather armour    ||     2
  Dodge: Dodged            ||     5

Table legend: (Time is in decaauts)
 A = Elapsed time spent in this place.
 B = Non-inter-level travel time spent in this place.
 C = Inter-level travel time spent in this place.
 D = Time resting spent in this place.
 E = Time spent auto-exploring this place.
 F = Levels seen in this place.
 G = Mean time per level.
                   A        B        C        D        E       F      G
               +--------+--------+--------+--------+--------+-----+--------+
         Total |    136 |    136 |      0 |      0 |      0 |   2 |   68.0 |
       Dungeon |    136 |    136 |      0 |      0 |      0 |   2 |   68.0 |
               +--------+--------+--------+--------+--------+-----+--------+

Top non-repeatable levels by time:
     D:5: 102 daAuts
     D:6: 33 daAuts
